Map: Dusk Towers

Players

Aurelius

  • Race: Zerg Zerg
  • League: Gold

capac - Winner!

  • Race: Terran Terran
  • League: Gold

VOD

Have the link to the VOD?

Description

Time

  • Played on: March 20, 2016, 11:25 a.m.
  • Length: 13:18
Show
View Real Time Build Order
Export as new Build Order

Aurelius Zerg 

Build Orders: Hatch First, Lurkers 

Get SALT Encoding   

  12  0:01  Drone  
  13  0:14  Overlord  
  13  0:17  Drone  
  14  0:23  Extractor, Drone  
  15  0:32  Drone  
  16  0:36  Drone  
  17  0:54  Hatchery  
  17  0:56  Drone  
  17  1:00  Drone  
  18  1:06  Extractor  
  18  1:08  Drone  
  18  1:18  Spawning Pool  
  18  1:22  Drone  
  18  1:29  Drone  
  19  1:41  Overlord  
  19  1:51  Drone  
  20  2:01  Drone  
  20  2:06  Queen x2  
  25  2:09  Metabolic Boost  
  25  2:11  Zergling x2  
  25  2:14  Zergling x2  
  27  2:17  Drone  
  28  2:23  Drone  
  28  2:28  Drone  
  30  2:42  Zergling x4  
  31  3:00  Extractor  
  31  3:01  Zergling x6  
  31  3:03  Roach Warren  
  32  3:07  Drone  
  32  3:08  Drone  
  34  3:22  Drone  
  34  3:23  Overlord  
  34  3:24  Overlord  
  35  3:41  Spore Crawler  
  35  3:45  Spore Crawler  
  33  4:05  Drone x6  
  33  4:06  Drone x3  
  42  4:11  Lair  
  42  4:15  Drone  
  43  4:19  Drone  
  43  4:20  Drone x2  
  46  4:25  Extractor  
  46  4:26  Extractor  
  46  4:27  Drone  
  46  4:28  Drone x4  
  49  4:44  Roach  
  51  4:45  Overlord  
  51  4:46  Overlord  
  51  4:47  Hatchery  
  50  4:56  Drone x2  
  52  5:07  Evolution Chamber  
  52  5:10  Evolution Chamber, Glial Reconstitution  
  52  5:12  Roach x2  
  52  5:13  Roach x5  
  64  5:18  Queen  
  66  5:22  Drone x2  
  66  5:24  Overlord  
  66  5:26  Overlord  
  68  5:41  Zerg Missile Weapons Level 1, Zerg Ground Armor Level 1  
  68  5:46  Ravager x3  
  71  5:53  Roach  
  71  5:54  Roach  
  75  5:58  Roach x2  
  75  6:03  Roach  
  75  6:04  Roach  
  83  6:05  Zergling x6  
  83  6:08  Queen  
  88  6:12  Roach  
  90  6:23  Overlord x2  
  90  6:24  Overlord x2  
  90  6:39  Hydralisk Den  
  89  6:43  Spire  
  89  6:44  Drone  
  89  6:45  Drone x6  
  95  6:54  Pneumatized Carapace  
  95  6:58  Drone x4  
  95  6:59  Drone x2  
  101  7:12  Drone  
  103  7:15  Drone  
  103  7:16  Drone x4  
  103  7:19  Extractor  
  103  7:20  Extractor  
  105  7:23  Spore Crawler  
  105  7:26  Roach x2  
  108  7:40  Roach x2  
  108  7:41  Roach  
  108  7:42  Baneling Nest  
  113  7:46  Overlord x4  
  113  7:51  Zerg Missile Weapons Level 2, Zerg Ground Armor Level 2  
  113  8:04  Corruptor  
  113  8:05  Corruptor  
  117  8:07  Zergling x8  
  117  8:08  Zergling x6  
  117  8:10  Drone  
  125  8:15  Drone x2  
  125  8:16  Drone  
  128  8:27  Baneling x4  
  128  8:28  Baneling x2  
  128  8:29  Zergling x12  
  128  8:30  Zergling x6  
  77  9:16  Roach  
  75  9:17  Roach x9  
  75  9:18  Roach x7  
  103  9:34  Roach  
  103  9:35  Roach x6  
  103  9:38  Lurker Den  
  117  10:04  Hatchery  
  116  10:14  Infestation Pit  
  116  10:15  Corruptor  
  116  10:16  Corruptor x4  
  125  10:26  Drone  
  126  10:28  Drone  
  126  10:29  Drone  
  126  10:30  Drone x3  
  126  10:31  Drone  
  132  10:45  Extractor  
  132  10:49  Extractor  
  130  10:54  Overseer  
  130  10:58  Hydralisk x4  
  130  10:59  Hydralisk x4  
  130  11:01  Overlord x2  
  130  11:02  Overlord x2  
  146  11:23  Drone x3  
  146  11:24  Drone  
  146  11:25  Drone x2  
  152  11:26  Drone  
  152  11:27  Drone  
  154  11:33  Lurker x5  
  154  11:34  Lurker  
  154  11:35  Hydralisk x2  
  161  11:59  Lurker  
  104  12:40  Roach x5  
  104  12:41  Roach x8  
  95  12:56  Roach  
  95  12:57  Roach x2  
  97  13:01  Spine Crawler  
Show
View Real Time Build Order
Export as new Build Order

capac Terran - Winner!

Build Orders: Bio Tank 

Get SALT Encoding   

  12  0:00  SCV  
  13  0:13  SCV  
  14  0:18  Supply Depot  
  14  0:25  SCV  
  15  0:40  SCV  
  15  0:42  Barracks  
  16  0:46  Refinery  
  16  0:52  SCV  
  17  1:04  SCV  
  18  1:16  SCV  
  19  1:28  SCV  
  19  1:31  Reaper  
  21  1:36  Command Center  
  21  1:44  Orbital Command  
  21  1:54  Supply Depot  
  21  2:08  Factory  
  21  2:13  SCV  
  21  2:14  Refinery  
  22  2:28  Barracks  
  22  2:30  SCV  
  22  2:34  Barracks Reactor  
  23  2:42  SCV  
  24  2:56  Factory Tech Lab  
  24  2:57  Orbital Command  
  24  3:08  SCV  
  24  3:12  Marine x2  
  27  3:16  Siege Tank  
  27  3:19  Barracks Tech Lab  
  30  3:23  SCV x2  
  32  3:32  Marine x2  
  34  3:38  Starport  
  34  3:45  SCV  
  34  3:46  SCV  
  36  3:58  Marine x2  
  36  3:59  Marine  
  36  4:00  Stimpack  
  39  4:03  SCV x2  
  39  4:06  Refinery  
  41  4:12  Supply Depot  
  41  4:13  Barracks  
  41  4:14  Barracks  
  41  4:15  SCV x2  
  43  4:21  Marine x2  
  45  4:30  SCV  
  46  4:34  SCV, Medivac  
  46  4:35  Supply Depot  
  49  4:39  Supply Depot  
  49  4:40  Marine x2  
  49  4:41  Marine  
  52  4:47  SCV x2  
  54  4:57  Engineering Bay, Siege Tank  
  54  4:58  Engineering Bay  
  57  5:01  Supply Depot  
  57  5:05  SCV x2  
  59  5:10  Starport Reactor  
  59  5:17  SCV  
  59  5:21  Barracks Reactor x2  
  60  5:23  SCV  
  60  5:26  Refinery  
  61  5:29  Terran Infantry Weapons Level 1, Terran Infantry Armor Level 1, SCV  
  62  5:48  Command Center, Medivac x2  
  66  5:50  SCV x2  
  67  6:02  Marine x3  
  67  6:03  Marine x4  
  74  6:05  Combat Shields  
  74  6:12  SCV x2  
  76  6:22  Supply Depot  
  76  6:24  Siege Tank  
  79  6:28  SCV  
  79  6:29  SCV  
  80  6:37  Marine x4  
  80  6:38  Marine x3  
  87  6:40  Medivac x2  
  91  6:56  Marine x5  
  91  6:57  Marine  
  91  6:58  Siege Tank  
  100  7:27  Marine x5  
  100  7:28  Marine  
  106  7:39  Orbital Command  
  106  7:40  SCV x2  
  106  7:41  Marine  
  109  7:45  Marine x5  
  109  7:46  Marine  
  115  7:51  Supply Depot  
  115  7:52  Supply Depot, SCV  
  115  7:56  Liberator x2  
  116  7:58  Marine  
  117  8:12  Marine x5  
  117  8:13  Siege Tank  
  131  8:26  Marine  
  131  8:27  Marine  
  132  8:32  Supply Depot x2  
  133  8:37  Starport  
  133  8:38  Factory  
  133  8:41  Marine x5  
  133  8:44  Marine x2  
  131  8:59  Marine x4  
  131  9:02  Marine x3  
  111  9:16  Starport Reactor  
  111  9:17  Marine x4  
  108  9:20  Marine x3  
  115  9:35  Factory Tech Lab  
  115  9:36  Siege Tank  
  115  9:37  Marine x4  
  115  9:38  Marine  
  123  9:42  SCV x3  
  126  9:47  Barracks  
  126  9:48  Barracks  
  123  9:54  SCV  
  123  9:58  Command Center  
  123  9:59  Marine  
  124  10:00  Marine x6  
  124  10:04  Liberator x2  
  131  10:11  Siege Tank x2  
  137  10:17  Marine x2  
  137  10:18  Marine x3  
  148  10:21  Medivac x2  
  148  10:23  Marine x2  
  154  10:35  Marine x2, Armory  
  156  10:46  Refinery  
  156  10:47  Refinery  
  156  11:51  Liberator x2  
  156  11:56  Liberator x2  
  156  11:59  Marine x2  
  156  12:00  Marine x7  
  165  12:12  Supply Depot  
  165  12:13  Supply Depot  
  177  12:17  Marine x2  
  130  12:47  Marine x3  
  130  12:48  Marine x6  
Tags
 
Add a new tag
Caveats
  • Supply blocks, unpowered buildings, or Contaminate may cause inaccurate times.
  • Supply counts are checked every 10 seconds.